[ AOE2 MATCH · #506606381 ]
UnrankedVietnamese vs Huns
Player's team · LOSS
[ REPLAY ANALYSIS · EXTRACTED FROM THE RECORDED GAME ]
Feudal
8:35
Castle
25:01
Imperial
—
| APM avg | 27.6 |
| APM peak | 69 |
| eAPM avg | 13.8 |
| Villagers / military | 50 / 14 |
Focus
⚔️ 32.6% · 🌾 67.4%
Rattan Archer ×13 · Mangonel ×1
Feudal
11:14
Castle
28:58
Imperial
—
| APM avg | 29.3 |
| APM peak | 54 |
| eAPM avg | 15.2 |
| Villagers / military | 76 / 57 |
Focus
⚔️ 39.2% · 🌾 60.8%
Archer ×31 · Skirmisher ×15 · Battering Ram ×8 · Fishing Ship ×5 · Knight ×3
Match map
Initial resources + every placement click. Lines = walls · curves = elevation contours. ◆ gold · ⬟ stone · ● berries · ✦ relic · ◌ wall gap
Your base· Open — unwalled flank
民办大A's base· Open — unwalled flank
Smoothed initial terrain · ◌ = detected wall gap · hover for details
Inputs per minute
— Priceless - - 民办大A
Build order — Priceless
119 actions detected in the replay
| 0:01 | Queue | Villager (Male) |
| 0:01 | Queue | Villager (Male) |
| 0:02 | Build | House |
| 0:03 | Build | House |
| 0:13 | Queue | Villager (Male) |
| 0:13 | Queue | Villager (Male) |
| 0:13 | Queue | Villager (Male) |
| 1:37 | Queue | Villager (Male) |
| 2:05 | Queue | Villager (Male) |
| 2:16 | Build | Lumber Camp |
| 2:20 | Queue | Villager (Male) |
| 2:50 | Queue | Villager (Male) |
| 2:50 | Queue | Villager (Male) |
| 2:58 | Queue | Villager (Male) |
| 3:49 | Queue | Villager (Male) |
| 3:50 | Queue | Villager (Male) |
| 3:50 | Queue | Villager (Male) |
| 3:53 | Build | House |
| 4:07 | Queue | Villager (Male) |
| 4:39 | Queue | Villager (Male) |
| 4:45 | Queue | Villager (Male) |
| 5:09 | Build | Mill |
| 5:31 | Research | Loom |
| 6:25 | Research | Feudal Age |
| 6:50 | Build | Mining Camp |
| 7:41 | Build | House |
| 7:55 | Queue | Villager (Male) |
| 8:35 | Age | Feudal Age |
| 8:41 | Build | Watch Tower |
| 8:51 | Build | Watch Tower |
| 8:57 | Queue | Villager (Male) |
| 9:05 | Queue | Villager (Male) |
| 9:07 | Research | Double-Bit Axe |
| 9:48 | Build | Watch Tower |
| 9:52 | Queue | Villager (Male) |
| 10:08 | Build | House |
| 10:15 | Build | Blacksmith |
| 10:20 | Queue | Villager (Male) |
| 10:39 | Queue | Villager (Male) |
| 10:51 | Queue | Villager (Male) |
| 10:59 | Research | Fletching |
| 11:34 | Build | Watch Tower |
| 11:40 | Queue | Villager (Male) |
| 12:01 | Queue | Villager (Male) |
| 12:08 | Queue | Villager (Male) |
| 12:40 | Queue | Villager (Male) |
| 12:50 | Queue | Villager (Male) |
| 13:13 | Queue | Villager (Male) |
| 13:25 | Build | Watch Tower |
| 13:51 | Queue | Villager (Male) |
| 13:59 | Build | Farm |
| 13:59 | Build | Farm |
| 13:59 | Build | Farm |
| 13:59 | Build | Farm |
| 14:00 | Build | Farm |
| 14:00 | Build | Farm |
| 14:19 | Build | House |
| 14:37 | Build | Watch Tower |
| 14:41 | Queue | Villager (Male) |
| 15:05 | Queue | Villager (Male) |
| 15:09 | Queue | Villager (Male) |
| 15:24 | Build | House |
| 15:26 | Queue | Villager (Male) |
| 15:59 | Queue | Villager (Male) |
| 16:16 | Queue | Villager (Male) |
| 16:20 | Research | Stone Mining |
| 16:26 | Build | Market |
| 16:28 | Queue | Villager (Male) |
| 16:55 | Queue | Villager (Male) |
| 17:15 | Queue | Villager (Male) |
| 17:22 | Build | House |
| 17:41 | Build | Watch Tower |
| 17:48 | Queue | Villager (Male) |
| 18:00 | Queue | Villager (Male) |
| 19:13 | Build | House |
| 19:23 | Queue | Villager (Male) |
| 19:46 | Build | House |
| 19:54 | Queue | Villager (Male) |
| 19:57 | Build | Mining Camp |
| 20:23 | Build | House |
| 20:32 | Build | Watch Tower |
| 20:57 | Build | Watch Tower |
| 21:12 | Build | House |
| 22:07 | Build | House |
| 22:21 | Research | Castle Age |
| 23:44 | Build | Watch Tower |
| 24:21 | Build | House |
| 25:01 | Age | Castle Age |
| 25:14 | Build | Castle |
| 25:23 | Queue | Villager (Male) |
| 26:21 | Queue | Villager (Male) |
| 26:25 | Build | Lumber Camp |
| 27:27 | Build | Lumber Camp |
| 27:46 | Build | Farm |
| 28:05 | Queue | Rattan Archer |
| 29:28 | Queue | Villager (Male) |
| 29:42 | Build | Mining Camp |
| 30:04 | Queue | Villager (Male) |
| 30:10 | Queue | Rattan Archer |
| 30:11 | Queue | Rattan Archer |
| 30:40 | Queue | Rattan Archer |
| 30:49 | Queue | Rattan Archer |
| 30:49 | Queue | Rattan Archer |
| 31:00 | Build | Siege Workshop |
| 31:07 | Queue | Rattan Archer |
| 31:13 | Queue | Rattan Archer |
| 32:06 | Queue | Rattan Archer |
| 32:11 | Queue | Mangonel |
| 32:56 | Queue | Rattan Archer |
| 32:56 | Queue | Rattan Archer |
| 33:21 | Queue | Villager (Male) |
| 33:24 | Queue | Villager (Male) |
| 34:33 | Build | Town Center |
| 34:56 | Queue | Rattan Archer |
| 34:56 | Queue | Rattan Archer |
| 35:10 | Build | Town Center |
| 35:14 | Build | Palisade Wall |
| 35:16 | Build | Palisade Wall |
| 35:19 | Build | House |
Build order — 民办大A
First 150 of 207 actions detected
| 0:00 | Queue | Villager (Male) |
| 0:08 | Queue | Villager (Male) |
| 0:08 | Queue | Villager (Male) |
| 0:08 | Queue | Villager (Male) |
| 1:21 | Queue | Villager (Male) |
| 1:21 | Queue | Villager (Male) |
| 2:05 | Queue | Villager (Male) |
| 2:05 | Queue | Villager (Male) |
| 2:18 | Build | Lumber Camp |
| 2:39 | Queue | Villager (Male) |
| 3:06 | Queue | Villager (Male) |
| 3:07 | Queue | Villager (Male) |
| 3:07 | Queue | Villager (Male) |
| 3:07 | Queue | Villager (Male) |
| 3:59 | Queue | Villager (Male) |
| 4:00 | Queue | Villager (Male) |
| 4:00 | Queue | Villager (Male) |
| 4:41 | Queue | Villager (Male) |
| 4:42 | Queue | Villager (Male) |
| 5:23 | Build | Dock |
| 6:16 | Queue | Fishing Ship |
| 6:28 | Queue | Villager (Male) |
| 6:47 | Build | Mill |
| 6:58 | Queue | Villager (Male) |
| 7:13 | Queue | Fishing Ship |
| 7:22 | Queue | Villager (Male) |
| 7:44 | Research | Loom |
| 8:05 | Build | Mill |
| 8:15 | Queue | Villager (Male) |
| 8:36 | Queue | Villager (Male) |
| 8:54 | Build | Lumber Camp |
| 9:01 | Research | Feudal Age |
| 9:56 | Build | Lumber Camp |
| 10:53 | Build | Mining Camp |
| 11:14 | Age | Feudal Age |
| 11:18 | Queue | Villager (Male) |
| 11:20 | Research | Double-Bit Axe |
| 11:28 | Queue | Villager (Male) |
| 11:50 | Build | Watch Tower |
| 11:56 | Build | Blacksmith |
| 12:09 | Queue | Villager (Male) |
| 12:27 | Queue | Villager (Male) |
| 12:44 | Research | Fletching |
| 12:48 | Build | Barracks |
| 12:51 | Queue | Villager (Male) |
| 13:20 | Queue | Villager (Male) |
| 13:28 | Build | Watch Tower |
| 14:06 | Build | Archery Range |
| 14:28 | Queue | Villager (Male) |
| 14:42 | Build | Mining Camp |
| 14:57 | Queue | Villager (Male) |
| 14:59 | Queue | Villager (Male) |
| 15:09 | Queue | Fishing Ship |
| 15:19 | Build | Archery Range |
| 15:27 | Queue | Villager (Male) |
| 15:50 | Queue | Fishing Ship |
| 15:55 | Queue | Villager (Male) |
| 16:17 | Queue | Archer |
| 16:17 | Queue | Archer |
| 16:32 | Queue | Villager (Male) |
| 16:35 | Queue | Archer |
| 16:35 | Queue | Archer |
| 16:41 | Queue | Archer |
| 16:42 | Queue | Archer |
| 17:14 | Queue | Archer |
| 17:14 | Queue | Archer |
| 17:15 | Queue | Villager (Male) |
| 17:26 | Queue | Fishing Ship |
| 17:55 | Queue | Villager (Male) |
| 17:55 | Queue | Villager (Male) |
| 18:11 | Queue | Archer |
| 18:12 | Queue | Archer |
| 18:31 | Queue | Archer |
| 18:31 | Queue | Archer |
| 18:43 | Queue | Villager (Male) |
| 18:43 | Queue | Villager (Male) |
| 18:43 | Queue | Villager (Male) |
| 18:49 | Queue | Villager (Male) |
| 18:50 | Queue | Villager (Male) |
| 18:55 | Build | Watch Tower |
| 19:05 | Queue | Villager (Male) |
| 19:06 | Queue | Villager (Male) |
| 19:08 | Queue | Archer |
| 19:08 | Queue | Archer |
| 19:08 | Queue | Archer |
| 19:09 | Queue | Archer |
| 19:14 | Build | Farm |
| 19:15 | Build | Farm |
| 19:16 | Build | Farm |
| 19:19 | Build | Farm |
| 19:21 | Build | Farm |
| 19:30 | Queue | Archer |
| 19:31 | Queue | Archer |
| 19:41 | Queue | Villager (Male) |
| 19:41 | Queue | Villager (Male) |
| 20:06 | Build | Farm |
| 20:08 | Build | Farm |
| 20:23 | Build | Farm |
| 20:25 | Build | Farm |
| 20:26 | Build | Farm |
| 20:41 | Queue | Archer |
| 20:42 | Queue | Archer |
| 20:42 | Queue | Archer |
| 20:50 | Queue | Archer |
| 20:50 | Queue | Archer |
| 20:53 | Queue | Villager (Male) |
| 20:53 | Queue | Villager (Male) |
| 20:54 | Queue | Villager (Male) |
| 20:54 | Queue | Villager (Male) |
| 21:17 | Queue | Villager (Male) |
| 21:17 | Queue | Villager (Male) |
| 21:19 | Queue | Archer |
| 21:19 | Queue | Archer |
| 21:20 | Queue | Archer |
| 21:20 | Queue | Archer |
| 21:26 | Build | Watch Tower |
| 21:32 | Queue | Archer |
| 21:33 | Queue | Archer |
| 21:34 | Queue | Villager (Male) |
| 21:34 | Queue | Villager (Male) |
| 21:34 | Queue | Villager (Male) |
| 21:59 | Build | Lumber Camp |
| 22:08 | Build | Mining Camp |
| 22:13 | Queue | Villager (Male) |
| 22:13 | Queue | Villager (Male) |
| 22:18 | Queue | Archer |
| 22:19 | Queue | Archer |
| 23:14 | Queue | Villager (Male) |
| 23:26 | Build | Market |
| 23:51 | Queue | Villager (Male) |
| 24:03 | Build | Watch Tower |
| 24:34 | Queue | Villager (Male) |
| 24:48 | Queue | Villager (Male) |
| 24:48 | Queue | Villager (Male) |
| 24:55 | Queue | Villager (Male) |
| 25:29 | Research | Castle Age |
| 26:33 | Build | Farm |
| 26:48 | Build | Lumber Camp |
| 27:41 | Build | Stable |
| 27:43 | Research | Scale Barding Armor |
| 27:46 | Research | Forging |
| 27:46 | Research | Forging |
| 27:47 | Research | Forging |
| 28:14 | Build | Stable |
| 28:58 | Age | Castle Age |
| 29:01 | Queue | Skirmisher |
| 29:02 | Queue | Skirmisher |
| 29:08 | Queue | Skirmisher |
| 29:09 | Queue | Skirmisher |
| 29:09 | Queue | Skirmisher |
Match timeline
| 5:23 | 民办大A · first_building Dock |
| 8:35 | Priceless · age_up feudal |
| 11:14 | 民办大A · age_up feudal |
| 12:48 | 民办大A · first_building Barracks |
| 14:06 | 民办大A · first_building Archery Range |
| 20:00 | Priceless · first_market_sell 100 stone |
| 23:53 | Priceless · first_market_buy 100 stone |
| 25:01 | Priceless · age_up castle |
| 25:14 | Priceless · first_building Castle |
| 25:23 | 民办大A · first_market_sell 500 wood |
| 25:26 | 民办大A · first_market_buy 500 food |
| 27:41 | 民办大A · first_building Stable |
| 28:58 | 民办大A · age_up castle |
| 30:18 | 民办大A · first_building Siege Workshop |
| 31:00 | Priceless · first_building Siege Workshop |
| 35:14 | Priceless · wall_segment Palisade Wall x1 |
| 35:16 | Priceless · wall_segment Palisade Wall x1 |
| 35:29 | Priceless · resign |
[ AI ANALYSIS · 1 CREDIT ]
What really happened in this match?
Wolo.gg analyzes every decision: build order, eco, micro, common mistakes by bracket. Personalized analysis on WhatsApp or Discord in 30 seconds.
Civ guide
Vietnamese
Perfil
Jugador #2505611